[Event "December 19 Late 2023"]
[Site "https://www.chess.com"]
[Date "2023.12.19"]
[Round "10"]
[White "Durarbayli, Vasif"]
[Black "Sturt, Raven"]
[Result "1-0"]
[Board "20"]
[TimeControl "180+1"]
[WhiteFideId "13402935"]
[BlackFideId "2007304"]
[WhiteElo "2551"]
[BlackElo "2408"]
[WhiteTeam "AZE"]
[BlackTeam "USA"]
[WhiteClock "0:00:36"]
[BlackClock "0:00:05"]

1. e4 e5 2. Nf3 Nc6 3. Bc4 Nf6 4. d3 Be7 5. a4 O-O 6. a5 d5 7. exd5 Nxd5 8. O-O Rb8 9. h3 b5 10. axb6 Nxb6 11. Bb5 Bb7 12. Bxc6 Bxc6 13. Nxe5 Ba8 14. Nc3 Nd5 15. Rxa7 Nxc3 16. bxc3 Qd5 17. Nf3 Qc5 18. Ra3 Qc6 19. Ra7 Qxc3 20. Bf4 Rb7 21. Qa1 Qb4 22. Rxa8 Qxf4 23. Re1 Qd6 24. Rxf8+ Bxf8 25. Re8 Qc6 26. Rc8 Qd7 27. Rxf8+ Kxf8 28. Qa8+ Ke7 29. Qxb7 Qd6 30. Qe4+ Kd8 31. Qd4 1-0

[Event "December 19 Late 2023"]
[Site "https://www.chess.com"]
[Date "2023.12.19"]
[Round "10"]
[White "Manukyan, Sargis A."]
[Black "Gokerkan, Cem Kaan"]
[Result "1-0"]
[Board "21"]
[TimeControl "180+1"]
[WhiteFideId "13303970"]
[BlackFideId "6336760"]
[WhiteElo "2186"]
[BlackElo "2365"]
[WhiteTeam "ARM"]
[BlackTeam "TUR"]
[WhiteClock "0:00:42"]
[BlackClock "0:00:00"]

1. d4 g6 2. c4 Bg7 3. Nc3 c5 4. d5 Bxc3+ 5. bxc3 f5 6. e4 fxe4 7. f3 Nf6 8. fxe4 d6 9. Bd3 Qa5 10. Bd2 Nbd7 11. Nf3 Nb6 12. O-O Bg4 13. Qe1 Bxf3 14. Rxf3 Nbd7 15. Bf4 Nh5 16. e5 O-O-O 17. exd6 exd6 18. Bxd6 Rhe8 19. Qd2 Qa6 20. Bg3 Nxg3 21. Rxg3 Ne5 22. Bf1 Qd6 23. Re1 Re7 24. Rge3 Rde8 25. Qe2 Kd8 26. g3 Qf6 27. d6 Re6 28. Kh1 g5 29. Bh3 g4 30. Bg2 Qh6 31. Bd5 Nf3 32. Rxe6 Rxe6 33. Bxe6 Nxe1 34. Qxe1 Qg6 35. Bd5 Qxd6 36. Qe3 Kc7 37. Qg5 b5 38. Qg7+ Kb6 39. Qb7+ 1-0

[Event "December 19 Late 2023"]
[Site "https://www.chess.com"]
[Date "2023.12.19"]
[Round "10"]
[White "Livaic, Leon"]
[Black "slidingknight2775"]
[Result "1-0"]
[Board "22"]
[TimeControl "180+1"]
[WhiteFideId "14531534"]
[WhiteElo "2541"]
[BlackElo "2661"]
[WhiteTeam "CRO"]
[WhiteClock "0:00:23"]
[BlackClock "0:00:03"]

1. e4 c6 2. d4 d5 3. f3 Qa5+ 4. Nc3 e5 5. Ne2 dxe4 6. fxe4 Bg4 7. Be3 Nf6 8. Qd3 Nbd7 9. O-O-O Bb4 10. h3 Bxe2 11. Nxe2 Qxa2 12. c3 Be7 13. Ng3 g6 14. Be2 a5 15. Qc4 Qxc4 16. Bxc4 O-O 17. Rhf1 b5 18. Ba2 Kg7 19. Rf3 h6 20. Rdf1 Rae8 21. Ne2 b4 22. g4 bxc3 23. bxc3 Ba3+ 24. Kd1 Rb8 25. dxe5 Nxe5 26. Rxf6 Rb2 27. Bd4 Re8 28. Rxf7+ Kh8 29. Nc1 Rxa2 30. Nxa2 c5 31. Bxe5+ Rxe5 32. Rf8+ Kg7 33. R1f7# 1-0

[Event "December 19 Late 2023"]
[Site "https://www.chess.com"]
[Date "2023.12.19"]
[Round "10"]
[White "Melian, Juan Sebastian"]
[Black "Dourerassou, Jonathan"]
[Result "0-1"]
[Board "23"]
[TimeControl "180+1"]
[WhiteFideId "3706575"]
[BlackFideId "628050"]
[WhiteElo "2098"]
[BlackElo "2499"]
[WhiteTeam "PAR"]
[BlackTeam "FRA"]
[WhiteClock "0:00:02"]
[BlackClock "0:00:46"]

1. e4 c5 2. b3 b6 3. Bb2 Bb7 4. d3 e6 5. Nd2 d5 6. f4 Nf6 7. Qe2 Nc6 8. Ngf3 Be7 9. g3 dxe4 10. dxe4 Nb4 11. O-O-O Nxa2+ 12. Kb1 Nb4 13. e5 Nfd5 14. Ne4 Qc7 15. c4 Rd8 16. cxd5 Bxd5 17. Bg2 O-O 18. Nfd2 Qc6 19. Nc4 Qb5 20. Ned6 Bxd6 21. exd6 Qa6 22. Bxd5 Qa2+ 23. Kc1 exd5 24. Qe5 f6 25. Qe6+ Kh8 26. Ne3 Qxb3 27. Rhe1 Rfe8 28. Qf5 Rxe3 29. Rxe3 Qxe3+ 30. Kb1 Qb3 31. Re1 Nd3 32. Re2 Qd1+ 33. Ka2 Qxe2 0-1

[Event "December 19 Late 2023"]
[Site "https://www.chess.com"]
[Date "2023.12.19"]
[Round "10"]
[White "Rustemov, Alexander"]
[Black "Karttunen, Mika"]
[Result "0-1"]
[Board "24"]
[TimeControl "180+1"]
[WhiteFideId "4119002"]
[BlackFideId "502081"]
[WhiteElo "2794"]
[BlackElo "2396"]
[WhiteTeam "RUS"]
[BlackTeam "FIN"]
[WhiteClock "0:00:00"]
[BlackClock "0:00:20"]

1. d4 Nf6 2. c4 g6 3. Nf3 Bg7 4. g3 d6 5. Bg2 O-O 6. O-O c6 7. Nc3 Bf5 8. Nh4 Be6 9. d5 cxd5 10. cxd5 Bd7 11. Be3 a5 12. Bd4 a4 13. e4 Qa5 14. Re1 Bg4 15. Qd2 Na6 16. h3 Bd7 17. f4 a3 18. e5 axb2 19. Qxb2 Nh5 20. Ne4 Nb4 21. Bc3 Qa7+ 22. Bd4 Nd3 23. Qc3 Qa3 24. Re3 dxe5 25. Qxa3 Rxa3 26. fxe5 Rfa8 27. Nf3 Bf5 28. Rb1 Bxe4 29. Rxe4 Nxg3 30. Rg4 Ne2+ 31. Kf1 Nxd4 32. Rxd4 Nxe5 33. Nxe5 Bxe5 34. Re4 Bd6 35. Rxb7 Rxa2 36. Re2 Ra1+ 37. Kf2 R1a4 38. Rb3 Rf4+ 39. Bf3 Ra1 40. Kg2 Kg7 41. Rbe3 h5 42. Re4 Rf5 43. R4e3 Rg5+ 44. Kf2 Bg3+ 45. Kg2 Bf4+ 46. Kf2 Bxe3+ 47. Rxe3 Ra2+ 48. Kf1 Rf5 49. Kg1 Kf6 50. Rb3 Re5 51. Kf1 Rf5 52. Kg1 Rf4 53. Bg2 Rd4 54. Rf3+ Kg7 55. Bf1 Rd1 56. Re3 Raa1 57. Rf3 Rxf1+ 58. Rxf1 Rxf1+ 59. Kxf1 Kf6 0-1

[Event "December 19 Late 2023"]
[Site "https://www.chess.com"]
[Date "2023.12.19"]
[Round "10"]
[White "Omelja, Artem"]
[Black "Wieczorek, Oskar"]
[Result "0-1"]
[Board "25"]
[TimeControl "180+1"]
[WhiteFideId "14119846"]
[BlackFideId "1133950"]
[WhiteElo "2404"]
[BlackElo "2407"]
[WhiteTeam "UKR"]
[BlackTeam "POL"]
[WhiteClock "0:02:20"]
[BlackClock "0:02:30"]

1. e4 c5 2. Nf3 e6 3. c3 Nf6 4. e5 Nd5 5. a3 d6 6. d4 cxd4 7. c4 Nc7 8. Qxd4 Nc6 9. Qc3 d5 10. Bd3 d4 11. Qc2 a5 12. O-O Na6 13. Bxh7 g6 14. Bxg6 fxg6 15. Qxg6+ Kd7 16. Rd1 Kc7 17. Bg5 Qd7 18. Nbd2 Qh7 19. Qxh7+ Rxh7 20. Ne4 Nc5 21. Nf6 Rf7 22. Nxd4 Nxd4 23. Rxd4 Nb3 24. Ne8+ Kb8 25. Rd8 Nxa1 26. Nd6 Bxd6 27. exd6 Rd7 0-1

[Event "December 19 Late 2023"]
[Site "https://www.chess.com"]
[Date "2023.12.19"]
[Round "10"]
[White "Sivakumar, Shaaketh"]
[Black "Pakleza, Zbigniew"]
[Result "0-1"]
[Board "26"]
[TimeControl "180+1"]
[WhiteFideId "30940176"]
[BlackFideId "1119290"]
[WhiteElo "2292"]
[BlackElo "2410"]
[WhiteTeam "USA"]
[BlackTeam "POL"]
[WhiteClock "0:00:10"]
[BlackClock "0:00:06"]

1. Nf3 d5 2. g3 Nf6 3. Bg2 Bf5 4. O-O e6 5. d3 Be7 6. c4 c6 7. h3 h6 8. Qb3 Qb6 9. Be3 Qxb3 10. axb3 a6 11. Nc3 Nbd7 12. Nd4 Bh7 13. Nc2 O-O 14. Rfc1 Rfd8 15. Na4 e5 16. Nb6 Nxb6 17. Bxb6 Rd7 18. Ra4 Re8 19. Na3 e4 20. d4 g5 21. e3 Bd6 22. Bf1 Kg7 23. b4 dxc4 24. Nxc4 Nd5 25. Nxd6 Rxd6 26. Bc5 Rd7 27. Bc4 Bf5 28. Kg2 Be6 29. Ra3 f5 30. Ba2 Kf6 31. Re1 Rb8 32. Ba7 Rg8 33. f3 Nxb4 34. Bb1 Bd5 35. Bc5 exf3+ 36. Kf2 a5 37. Rxa5 Na6 38. Bb6 Re8 39. g4 fxg4 40. hxg4 Rde7 41. Ra3 Kg7 42. e4 Be6 43. Kxf3 Rf7+ 44. Kg3 Rf4 45. d5 Rxg4+ 46. Kh2 Bxd5 47. Rae3 Be6 48. Bd4+ Kg6 49. Rf1 Rh4+ 50. Kg1 Rg4+ 51. Kh2 Rf4 52. Ref3 Ref8 53. e5+ Kg7 54. Rxf4 Rxf4 55. Rd1 Nb4 56. Be3 Rh4+ 57. Kg1 Nd5 58. Bc5 Rg4+ 59. Kh2 Rc4 60. Bd6 b5 61. Rf1 Rf4 62. Rc1 Rh4+ 63. Kg3 Rc4 64. Rf1 Rf4 65. Rc1 Bd7 66. Re1 Be6 67. Rc1 Rc4 68. Rf1 h5 69. Bf8+ Kg8 70. Bh6 h4+ 71. Kh2 Rf4 72. Rg1 Rg4 73. Rf1 Nf4 74. Rd1 Rg2+ 75. Kh1 Rxb2 76. Rd8+ Kf7 77. Be4 Bd5 78. Bxd5+ Nxd5 79. Rf8+ Kg6 80. Rg8+ Kxh6 81. e6 Re2 82. Re8 b4 83. e7 Rxe7 84. Rd8 Kg6 85. Rd6+ Kh5 86. Rxc6 Re4 87. Rc4 Rxc4 88. Kg2 Rc3 89. Kh2 b3 90. Kg2 b2 0-1

[Event "December 19 Late 2023"]
[Site "https://www.chess.com"]
[Date "2023.12.19"]
[Round "10"]
[White "Weetik, Vjacheslav"]
[Black "Assylov, Miras"]
[Result "0-1"]
[Board "27"]
[TimeControl "180+1"]
[WhiteFideId "4153472"]
[BlackFideId "13728873"]
[WhiteElo "2469"]
[BlackElo "1991"]
[WhiteTeam "RUS"]
[BlackTeam "KAZ"]
[WhiteClock "0:00:04"]
[BlackClock "0:00:04"]

1. e4 c5 2. Nf3 e6 3. d4 cxd4 4. Nxd4 Nf6 5. Nc3 d6 6. g4 e5 7. Bb5+ Bd7 8. Bxd7+ Qxd7 9. Nf5 h5 10. Bg5 Nh7 11. Be3 hxg4 12. Qxg4 g6 13. Nd5 gxf5 14. Qh4 Qd8 15. Qh3 f4 16. Bd2 Nd7 17. Rg1 Ndf6 18. Nc3 Qd7 19. Qd3 O-O-O 20. O-O-O Kb8 21. f3 Rg8 22. Rxg8 Nxg8 23. Be1 Nhf6 24. Bf2 Qc6 25. a4 Nd7 26. Nb5 Nc5 27. Qc4 a6 28. Nc3 Ne6 29. Qb3 Nf6 30. a5 Be7 31. Bb6 Rc8 32. Nd5 Qd7 33. Kb1 Nc5 34. Bxc5 Rxc5 35. Nb6 Qe6 36. Qb4 Nd7 37. Nd5 Bd8 38. h4 Bxh4 39. Rh1 Bd8 40. Qb3 Rc8 41. Rh8 Nc5 42. Qc4 Bxa5 43. b4 Rxh8 44. bxa5 Rh1+ 45. Kb2 Qd7 46. Qb4 Qb5 47. Qxb5 axb5 0-1

[Event "December 19 Late 2023"]
[Site "https://www.chess.com"]
[Date "2023.12.19"]
[Round "10"]
[White "Keleberda, Tymur"]
[Black "Sun, Rick"]
[Result "0-1"]
[Board "28"]
[TimeControl "180+1"]
[WhiteFideId "14174294"]
[BlackFideId "30909481"]
[WhiteElo "2198"]
[BlackElo "2169"]
[WhiteTeam "CAN"]
[BlackTeam "USA"]
[WhiteClock "0:00:03"]
[BlackClock "0:00:06"]

1. e4 d6 2. d4 Nf6 3. Nc3 Nbd7 4. Nf3 e5 5. Bc4 Be7 6. a4 O-O 7. O-O c6 8. h3 Qc7 9. Ba2 h6 10. Be3 Re8 11. Nh4 Nf8 12. Nf5 Bxf5 13. exf5 exd4 14. Bxd4 d5 15. Qf3 N8d7 16. g3 Bc5 17. Bxc5 Nxc5 18. Rad1 Qb6 19. Rb1 Re7 20. b4 Nce4 21. Nxe4 Nxe4 22. Qf4 Nc3 23. Rbe1 Rxe1 24. Rxe1 Nxa2 25. b5 cxb5 26. axb5 Nc3 27. Re7 Qf6 28. Qc7 Nxb5 29. Qxb7 Rf8 30. g4 Nd4 31. Rd7 Ne2+ 32. Kg2 Nf4+ 33. Kg3 Qe5 34. Re7 Ne6+ 35. Kg2 Qe4+ 36. Kh2 Qf4+ 37. Kg2 Qe4+ 38. Kg3 Nc5 39. Qc7 Qxc2 40. Qe5 Ne4+ 41. Kh4 Qxf2+ 42. Kh5 Nf6+ 43. Qxf6 gxf6 44. h4 Qf4 45. Rd7 Kg7 46. Rxa7 d4 47. Rd7 Qe4 48. Rd6 d3 49. g5 Qf3# 0-1

[Event "December 19 Late 2023"]
[Site "https://www.chess.com"]
[Date "2023.12.19"]
[Round "10"]
[White "Rogov, Matfey"]
[Black "Zhu, Jiner"]
[Result "0-1"]
[Board "29"]
[TimeControl "180+1"]
[WhiteFideId "44191308"]
[BlackFideId "8608059"]
[WhiteElo "2057"]
[BlackElo "2384"]
[WhiteTeam "RUS"]
[BlackTeam "CHN"]
[WhiteClock "0:00:00"]
[BlackClock "0:00:44"]

1. Nc3 d5 2. d4 Nf6 3. Bg5 e6 4. e4 dxe4 5. Nxe4 Be7 6. Bxf6 gxf6 7. Nf3 a6 8. g3 b5 9. Bg2 Bb7 10. Qe2 Nd7 11. O-O-O Nb6 12. Nc5 Bd5 13. Rhe1 Qd6 14. Kb1 Qc6 15. Nd3 Bd6 16. Rg1 Na4 17. Nh4 O-O-O 18. Bxd5 Qxd5 19. Qf3 Nb6 20. Qxd5 Nxd5 21. c3 f5 22. Nf3 h5 23. h4 Rhg8 24. Rde1 Rde8 25. Kc2 Kb7 26. b3 Nb6 27. Rb1 Kc8 28. a4 bxa4 29. bxa4 Nc4 30. Rbe1 Kd7 31. Nde5+ Bxe5 32. Nxe5+ Nxe5 33. dxe5 Rg4 34. Rd1+ Kc6 35. Rd4 Rxd4 36. cxd4 Kd5 37. Kd3 Rb8 38. Rc1 Rb3+ 39. Ke2 Kxd4 40. Rxc7 Kxe5 41. Rxf7 Ra3 42. Rh7 Ke4 43. Rxh5 Rxa4 44. Rh6 Ra2+ 45. Ke1 e5 46. Rb6 a5 47. h5 a4 48. h6 Ra1+ 49. Ke2 Ra2+ 50. Ke1 Kf3 51. h7 Ra1+ 52. Kd2 Rh1 53. Rb4 Rxh7 54. Rxa4 Kxf2 55. Ra5 Rd7+ 56. Kc3 Re7 0-1

[Event "December 19 Late 2023"]
[Site "https://www.chess.com"]
[Date "2023.12.19"]
[Round "10"]
[White "Goltsev, Dmitry"]
[Black "Gallegos Diaz, Carlos Alberto"]
[Result "1-0"]
[Board "30"]
[TimeControl "180+1"]
[WhiteFideId "24176710"]
[BlackFideId "3900886"]
[WhiteElo "2370"]
[BlackElo "2362"]
[WhiteTeam "RUS"]
[BlackTeam "VEN"]
[WhiteClock "0:00:35"]
[BlackClock "0:00:00"]

1. e4 d6 2. d4 Nf6 3. Nc3 c6 4. a4 Qa5 5. Bd3 e5 6. dxe5 dxe5 7. Nf3 Be7 8. Bd2 Qc7 9. h3 O-O 10. O-O Nbd7 11. Qe2 Nc5 12. Bc4 h6 13. Nh4 Re8 14. Qf3 Be6 15. Be2 Rad8 16. Be3 a5 17. Nf5 Bxf5 18. Qxf5 Ne6 19. Bc4 Nf4 20. Bxf4 exf4 21. e5 Nd5 22. e6 fxe6 23. Qxe6+ Kh8 24. Bxd5 Bf6 25. Qf5 Re5 26. Qxf4 cxd5 27. Rae1 d4 28. Nb5 Qc5 29. Rxe5 Bxe5 30. Qe4 Bf6 31. Rd1 b6 32. b3 Rc8 33. Rd2 Qb4 34. Re2 d3 35. Qxd3 Rd8 36. Qf3 Qc5 37. g3 h5 38. Kg2 h4 39. g4 Qg5 40. Qf5 Qxf5 41. gxf5 Rd5 42. Re6 Rd2 43. Rc6 Be5 44. Kf3 Bh2 45. Ke3 Bg1 46. Kxd2 1-0

[Event "December 19 Late 2023"]
[Site "https://www.chess.com"]
[Date "2023.12.19"]
[Round "10"]
[White "Paragua, Megan Althea"]
[Black "Solon, Nathan"]
[Result "0-1"]
[Board "31"]
[TimeControl "180+1"]
[WhiteFideId "30973007"]
[BlackFideId "2017229"]
[WhiteElo "1961"]
[BlackElo "2681"]
[WhiteTeam "USA"]
[BlackTeam "USA"]
[WhiteClock "0:00:42"]
[BlackClock "0:01:03"]

1. d4 d5 2. Nf3 Nf6 3. g3 c6 4. Bg2 Bf5 5. O-O h6 6. b3 e6 7. Bb2 Be7 8. Nbd2 O-O 9. Ne5 Nbd7 10. f3 Bh7 11. e3 c5 12. Nxd7 Qxd7 13. c3 Rac8 14. Re1 Rfd8 15. Qe2 b5 16. Rac1 a5 17. a3 c4 18. b4 Ra8 19. Ra1 Ra6 20. e4 dxe4 21. fxe4 e5 22. d5 Ng4 23. Bh3 h5 24. Nf3 Qa7+ 25. Kg2 Bxe4 26. Bxg4 hxg4 27. Qxe4 gxf3+ 28. Qxf3 Rf6 29. Qe3 Qxe3 30. Rxe3 Rxd5 31. Re2 a4 32. Rae1 Re6 33. g4 f6 34. h3 Kf7 35. Rf2 Bd8 36. Rfe2 Bb6 37. h4 Rd3 38. Kh2 Red6 39. Kg2 Ke6 40. Kh2 Rf3 41. Kg2 Rdd3 42. Re4 Rf2+ 0-1

[Event "December 19 Late 2023"]
[Site "https://www.chess.com"]
[Date "2023.12.19"]
[Round "10"]
[White "Ibarra Jerez, Jose Carlos"]
[Black "Srinath, Rao S.V."]
[Result "1-0"]
[Board "32"]
[TimeControl "180+1"]
[WhiteFideId "2226332"]
[BlackFideId "5028876"]
[WhiteElo "2634"]
[BlackElo "2198"]
[WhiteTeam "ESP"]
[BlackTeam "IND"]
[WhiteClock "0:00:36"]
[BlackClock "0:00:07"]

1. e4 e5 2. Nf3 Nc6 3. Bb5 Nf6 4. O-O Nxe4 5. d4 Nd6 6. dxe5 Nxb5 7. a4 Nbd4 8. Nxd4 d5 9. c3 Be7 10. Nxc6 bxc6 11. Be3 c5 12. Nd2 Bf5 13. Nb3 c4 14. Nd4 Bd3 15. Re1 Qd7 16. Bf4 O-O 17. Qd2 a6 18. Bg5 c5 19. e6 Bxg5 20. Qxg5 fxe6 21. Nxe6 Rf5 22. Nxc5 Rxg5 23. Nxd7 Be4 24. g3 Rf5 25. f4 h5 26. Nc5 Bf3 27. Re3 Bg4 28. Rae1 h4 29. Re8+ Rxe8 30. Rxe8+ Kf7 31. Rd8 hxg3 32. hxg3 Rh5 33. Nxa6 Bf3 34. Kf2 Be4 35. Nc5 Rh2+ 36. Ke3 Bh1 37. Rb8 Rg2 38. a5 Rxg3+ 39. Kd4 Rg1 40. a6 Rd1+ 41. Ke5 Re1+ 42. Kd6 d4 43. cxd4 Rc1 44. Rb7+ Kf6 45. d5 Rd1 46. Nd7+ Kf5 47. Nb6 Bxd5 48. Nxd5 1-0

[Event "December 19 Late 2023"]
[Site "https://www.chess.com"]
[Date "2023.12.19"]
[Round "10"]
[White "Antunez Soler, Luis"]
[Black "Zhigalko, Sergei"]
[Result "0-1"]
[Board "33"]
[TimeControl "180+1"]
[WhiteFideId "3513335"]
[BlackFideId "13502956"]
[WhiteElo "2154"]
[BlackElo "2616"]
[WhiteTeam "CUB"]
[BlackTeam "BLR"]
[WhiteClock "0:00:08"]
[BlackClock "0:00:06"]

1. e4 c5 2. Nf3 Nc6 3. Bb5 Nf6 4. Qe2 g6 5. O-O Bg7 6. e5 Nd5 7. Nc3 Nc7 8. Bc4 O-O 9. d3 Rb8 10. a4 a6 11. Bg5 b5 12. axb5 axb5 13. Bb3 Ne6 14. Bxe6 dxe6 15. Ne4 Nxe5 16. Nxe5 Bxe5 17. Nxc5 Bxb2 18. Rad1 Bd4 19. Nb3 Bg7 20. d4 Bb7 21. Nc5 Bd5 22. Bf4 Bc4 23. Qe4 Ra8 24. Rfe1 Qd5 25. Qe3 Rfd8 26. c3 Qf5 27. h4 Rd5 28. Ra1 Rad8 29. Ra7 e5 30. dxe5 Rxc5 31. Qxc5 Qxf4 32. Qxe7 Rf8 33. Rd7 Be6 34. Rd8 h5 35. Red1 Rxd8 36. Rxd8+ Kh7 37. Qe8 Qxe5 38. Qg8+ Kh6 39. Rd1 Qxc3 40. Qd8 b4 41. Qg5+ Kh7 42. Rc1 Qe5 43. Qd2 Bh6 44. Qe1 Qxe1+ 45. Rxe1 b3 46. Rb1 Bg7 47. Kf1 b2 0-1

[Event "December 19 Late 2023"]
[Site "https://www.chess.com"]
[Date "2023.12.19"]
[Round "10"]
[White "Yeletsky, Ivan"]
[Black "Colbow, Collin"]
[Result "1-0"]
[Board "34"]
[TimeControl "180+1"]
[WhiteFideId "24180327"]
[BlackFideId "16201132"]
[WhiteElo "2379"]
[BlackElo "2321"]
[WhiteTeam "RUS"]
[BlackTeam "GER"]
[WhiteClock "0:00:45"]
[BlackClock "0:00:03"]

1. e4 c5 2. Nf3 e6 3. b3 a6 4. Bb2 Qc7 5. c4 Nc6 6. d4 cxd4 7. Nxd4 Nf6 8. Nc3 Bb4 9. Nc2 Bc5 10. Be2 O-O 11. O-O b6 12. Kh1 Bb7 13. f4 Rfd8 14. Rc1 d5 15. cxd5 exd5 16. e5 d4 17. Na4 Ne4 18. Bd3 Nc3 19. Qg4 Nxa4 20. bxa4 Qd7 21. Qh4 h6 22. Rce1 Nb4 23. Nxb4 Bxb4 24. Re2 Bc3 25. Bc1 Re8 26. f5 Qd5 27. Qg3 Kh8 28. f6 g5 29. Qh3 Kg8 30. Qxh6 Re6 31. Qg7# 1-0

[Event "December 19 Late 2023"]
[Site "https://www.chess.com"]
[Date "2023.12.19"]
[Round "10"]
[White "Ghasi, Ameet K"]
[Black "Chylewski, Patryk"]
[Result "1-0"]
[Board "35"]
[TimeControl "180+1"]
[WhiteFideId "409200"]
[BlackFideId "1186191"]
[WhiteElo "2558"]
[BlackElo "2176"]
[WhiteTeam "ENG"]
[BlackTeam "POL"]
[WhiteClock "0:00:40"]
[BlackClock "0:00:00"]

1. d4 Nf6 2. Nf3 d5 3. Bf4 c5 4. e3 Nc6 5. c3 e6 6. Nbd2 cxd4 7. exd4 Nh5 8. Be3 Bd6 9. g3 O-O 10. Bd3 f5 11. Ne5 Bxe5 12. Qxh5 g6 13. Qe2 Bg7 14. h4 e5 15. dxe5 Nxe5 16. h5 b6 17. hxg6 hxg6 18. Nf3 Ng4 19. O-O-O Re8 20. Bc4 Bb7 21. Bb3 Qd7 22. Qd2 Nxe3 23. fxe3 Rad8 24. Qh2 Qe7 25. Rde1 a5 26. g4 fxg4 27. Qh7+ Kf8 28. Nh4 Qf7 29. Nxg6+ 1-0

[Event "December 19 Late 2023"]
[Site "https://www.chess.com"]
[Date "2023.12.19"]
[Round "10"]
[White "Khlebovich, Alexander"]
[Black "Lymar, Vladislav"]
[Result "0-1"]
[Board "36"]
[TimeControl "180+1"]
[WhiteFideId "4169123"]
[BlackFideId "14162180"]
[WhiteElo "2334"]
[BlackElo "2158"]
[WhiteTeam "RUS"]
[BlackTeam "UKR"]
[WhiteClock "0:00:00"]
[BlackClock "0:00:05"]

1. d4 d6 2. g3 e5 3. dxe5 dxe5 4. Qxd8+ Kxd8 5. Nc3 Be6 6. f4 Nd7 7. Nf3 f6 8. Bg2 Bc5 9. fxe5 c6 10. Bf4 g5 11. Bxg5 fxg5 12. Nxg5 Ke7 13. Rd1 Nxe5 14. Nce4 Be3 15. Nxe6 Kxe6 16. Rf1 Nh6 17. Bh3+ Ke7 18. Rf6 Nhg4 19. Bxg4 Nxg4 20. Rf3 Bb6 21. Nd6 Rhf8 22. Nf5+ Ke6 23. Ng7+ Ke7 24. Nf5+ Ke6 25. Ng7+ Ke5 26. Rd7 Nxh2 27. Re7+ Kd6 28. Re6+ Kd7 29. Rd3+ Kc8 30. Re7 Bd8 31. Re4 h5 32. Nxh5 a5 33. a4 b6 34. Nf4 Ra7 35. Ne6 Re8 36. Rxd8+ Rxd8 37. Nxd8 Kxd8 38. Rh4 Rg7 39. Rxh2 Rxg3 40. Kd2 Rg4 41. b3 Kc7 42. Rh3 Kd6 43. Rd3+ Kc5 44. Kc3 Rh4 45. Rf3 Re4 46. e3 Re5 47. Kd3 Rd5+ 48. Kc3 Re5 49. Rg3 b5 50. axb5 cxb5 51. Kd3 Rd5+ 52. Kc3 Re5 53. Rf3 Rg5 54. e4 Rg4 55. Rf5+ Kc6 56. Kd4 Rg2 57. c4 bxc4 58. bxc4 a4 59. Ra5 Ra2 60. e5 Ra1 61. Ra6+ Kd7 62. Kd5 a3 63. e6+ Ke7 64. Ra7+ Ke8 65. Kc6 a2 66. c5 Kd8 67. Ra8+ Ke7 68. Kb7 Rb1+ 69. Kc7 a1=Q 70. Rxa1 Rxa1 71. c6 Kxe6 72. Kb7 Rb1+ 73. Kc7 Ke7 74. Kc8 Kd6 75. c7 Rc1 76. Kd8 Rxc7 0-1

[Event "December 19 Late 2023"]
[Site "https://www.chess.com"]
[Date "2023.12.19"]
[Round "10"]
[White "Sadovsky, Artem"]
[Black "Adewumi, Tanitoluwa"]
[Result "0-1"]
[Board "37"]
[TimeControl "180+1"]
[WhiteFideId "4155840"]
[BlackFideId "30966396"]
[WhiteElo "2314"]
[BlackElo "2325"]
[WhiteTeam "FID"]
[BlackTeam "USA"]
[WhiteClock "0:00:00"]
[BlackClock "0:00:07"]

1. Nf3 Nf6 2. e3 e6 3. b3 d5 4. Bb2 Bd6 5. Be2 O-O 6. c4 c6 7. O-O Nbd7 8. d4 Qc7 9. Nc3 Re8 10. Rc1 Qb8 11. h3 a6 12. Bd3 e5 13. dxe5 Nxe5 14. Nxe5 Bxe5 15. cxd5 cxd5 16. Qd2 d4 17. exd4 Bf4 18. Qc2 Bxc1 19. Rxc1 Bd7 20. d5 Qd6 21. Qd2 Rac8 22. Bb1 b5 23. Qd4 b4 24. Ne4 Rxc1+ 25. Bxc1 Nxe4 26. Bxe4 f5 27. Bb2 Re7 28. Bd3 f4 29. Bc4 f3 30. g3 Bxh3 31. Qd2 Bg2 32. Kh2 Re1 0-1

[Event "December 19 Late 2023"]
[Site "https://www.chess.com"]
[Date "2023.12.19"]
[Round "10"]
[White "Novak, Ratko"]
[Black "Tanenbaum, Zachary"]
[Result "1-0"]
[Board "38"]
[TimeControl "180+1"]
[WhiteFideId "14511827"]
[BlackFideId "2060850"]
[WhiteElo "2036"]
[BlackElo "2256"]
[WhiteTeam "CRO"]
[BlackTeam "USA"]
[WhiteClock "0:00:04"]
[BlackClock "0:00:00"]

1. d4 d5 2. c4 e6 3. cxd5 exd5 4. Nc3 h6 5. f3 c5 6. dxc5 Nf6 7. e4 Bxc5 8. e5 Nh5 9. Qxd5 Qh4+ 10. g3 Nxg3 11. hxg3 Qxg3+ 12. Kd1 Bxg1 13. Bb5+ Bd7 14. e6 fxe6 15. Qxb7 O-O 16. Qxa8 Nc6 17. Bxc6 Rxa8 18. Bxa8 Qg2 19. Rh5 Qf1+ 20. Kc2 Be8 21. Re5 Bd4 22. Rxe6 Bf7 23. Bd5 Bxe6 24. Bxe6+ Kf8 25. Bd5 h5 26. Rb1 h4 27. Bd2 Qg2 28. f4 Qg6+ 29. Be4 Qe6 30. Re1 Qg4 31. Nd5 Qg3 32. Bb4+ Kg8 33. Re2 Qg4 34. Bd3 h3 35. Re8+ Kf7 36. Rf8+ 1-0

[Event "December 19 Late 2023"]
[Site "https://www.chess.com"]
[Date "2023.12.19"]
[Round "10"]
[White "petr577"]
[Black "Manolache, Marius"]
[Result "0-1"]
[Board "39"]
[TimeControl "180+1"]
[BlackFideId "1201530"]
[WhiteElo "2352"]
[BlackElo "2364"]
[BlackTeam "ROU"]
[WhiteClock "0:00:11"]
[BlackClock "0:01:10"]

1. e4 c5 2. Nf3 e6 3. d3 Nc6 4. Nbd2 Nf6 5. g3 d5 6. Bg2 Be7 7. O-O O-O 8. Re1 Rb8 9. e5 Nd7 10. Nf1 b5 11. h4 Qc7 12. Bf4 Rd8 13. h5 h6 14. N1h2 Nf8 15. Ng4 Nh7 16. Qd2 Bf8 17. Nh4 Qe7 18. c3 a5 19. d4 Bb7 20. dxc5 Qxc5 21. Ng6 Ne7 22. Nxf8 Rxf8 23. Bh3 Nf5 24. Rad1 Rfd8 25. Ne3 Nxe3 26. Bxe3 d4 27. Bxd4 Qd5 28. Kh2 Ng5 29. Re3 Nf3+ 30. Rxf3 Qxf3 31. Rg1 Qxh5 32. Qf4 b4 33. g4 Qh4 34. Rg3 bxc3 35. bxc3 Bd5 36. Qd2 Rb1 37. f3 Rh1+ 38. Kxh1 Qxg3 39. Bg2 Bxf3 0-1

[Event "December 19 Late 2023"]
[Site "https://www.chess.com"]
[Date "2023.12.19"]
[Round "10"]
[White "Vafin, Ayrat"]
[Black "Chigaev, Maksim"]
[Result "0-1"]
[Board "40"]
[TimeControl "180+1"]
[WhiteFideId "4146530"]
[BlackFideId "4108116"]
[WhiteElo "2317"]
[BlackElo "2561"]
[WhiteTeam "RUS"]
[BlackTeam "ESP"]
[WhiteClock "0:00:00"]
[BlackClock "0:00:25"]

1. Nf3 Nf6 2. g3 b6 3. Bg2 Bb7 4. O-O c5 5. c4 g6 6. d4 Bg7 7. d5 b5 8. Nfd2 bxc4 9. Nxc4 d6 10. Nc3 O-O 11. Re1 Nbd7 12. e4 Ba6 13. Qa4 Bxc4 14. Qxc4 Rb8 15. Qa4 Ng4 16. h3 Nge5 17. Qc2 c4 18. Rd1 Nc5 19. Be3 Ned3 20. Rab1 Qa5 21. Bxc5 Qxc5 22. Bf1 Nb4 23. Qa4 Bd4 24. a3 Bxf2+ 25. Kg2 Nd3 26. Bxd3 cxd3 27. Rxd3 f5 28. exf5 Rxf5 29. Qc6 Rc8 30. Qxc5 Bxc5 31. Ne4 Bb6 32. Rbd1 Rc4 33. Nc3 Rf2+ 34. Kh1 Rxb2 35. Re1 Rb3 36. Rc1 Ba5 37. Rb1 Rbxc3 0-1

[Event "December 19 Late 2023"]
[Site "https://www.chess.com"]
[Date "2023.12.19"]
[Round "10"]
[White "Osmak, Yuliia"]
[Black "Troff, Kayden"]
[Result "0-1"]
[Board "41"]
[TimeControl "180+1"]
[WhiteFideId "14101602"]
[BlackFideId "2047896"]
[WhiteElo "2303"]
[BlackElo "2544"]
[WhiteTeam "UKR"]
[BlackTeam "USA"]
[WhiteClock "0:00:00"]
[BlackClock "0:00:15"]

1. e4 c5 2. Nf3 g6 3. d4 cxd4 4. Qxd4 Nf6 5. Nc3 Nc6 6. Qa4 d6 7. e5 dxe5 8. Nxe5 Bd7 9. Nxd7 Nxd7 10. Bb5 Bg7 11. O-O O-O 12. Bxc6 Nb6 13. Qh4 bxc6 14. Bh6 Nd5 15. Bxg7 Kxg7 16. Rad1 e6 17. Qd4+ Qf6 18. Ne4 Qxd4 19. Rxd4 Rfb8 20. b3 a5 21. a4 Nb4 22. Rc4 Rd8 23. c3 Nd3 24. Rxc6 Rab8 25. Rb1 Ne5 26. Rd6 Rdc8 27. f4 Ng4 28. h3 Ne3 29. Rd3 Nd5 30. g3 h6 31. c4 Rxc4 32. Nd6 Rxa4 33. Rb2 Rab4 34. Kg2 a4 0-1